[gd_scene load_steps=9 format=2]

[ext_resource path="res://assets/models/decorations/picture_frames/picture_frame_side.gltf" type="PackedScene" id=1]
[ext_resource path="res://assets/models/decorations/picture_frames/picture_frame_corner.gltf" type="PackedScene" id=2]
[ext_resource path="res://assets/shaders/cel.shader" type="Shader" id=3]
[ext_resource path="res://decorations/picture_frame.gd" type="Script" id=4]
[ext_resource path="res://assets/framed_pictures/longneck_lad.jpg" type="Texture" id=5]

[sub_resource type="ShaderMaterial" id=1]
shader = ExtResource( 3 )
shader_param/use_shadow = false
shader_param/base_color = Color( 0.184314, 0.184314, 0.184314, 1 )
shader_param/use_specular = false
shader_param/specular_tint = Color( 0.75, 0.75, 0.75, 0.75 )

[sub_resource type="SpatialMaterial" id=2]
flags_unshaded = true
albedo_texture = ExtResource( 5 )

[sub_resource type="PlaneMesh" id=3]
material = SubResource( 2 )
size = Vector2( 0.01, 0.01 )

[node name="PictureFrame" type="Spatial"]
script = ExtResource( 4 )
texture = ExtResource( 5 )
texture_scale = 0.05

[node name="Corners" type="Spatial" parent="."]

[node name="TopLeft" parent="Corners" instance=ExtResource( 2 )]
transform = Transform( 1, 0, 0, 0, 1, 0, 0, 0, 1, 0, 0.247, 0.21525 )

[node name="Circle" parent="Corners/TopLeft" index="0"]
material/0 = SubResource( 1 )

[node name="TopRight" parent="Corners" instance=ExtResource( 2 )]
transform = Transform( 1, 0, 0, 0, -4.37114e-08, 1, 0, -1, -4.37114e-08, 0, 0.247, -0.21525 )

[node name="Circle" parent="Corners/TopRight" index="0"]
material/0 = SubResource( 1 )

[node name="BottomRight" parent="Corners" instance=ExtResource( 2 )]
transform = Transform( 1, 0, 0, 0, -1, 8.74228e-08, 0, -8.74228e-08, -1, 0, -0.247, -0.21525 )

[node name="Circle" parent="Corners/BottomRight" index="0"]
material/0 = SubResource( 1 )

[node name="BottomLeft" parent="Corners" instance=ExtResource( 2 )]
transform = Transform( 1, 0, 0, 0, -4.37114e-08, -1, 0, 1, -4.37114e-08, 0, -0.247, 0.21525 )

[node name="Circle" parent="Corners/BottomLeft" index="0"]
material/0 = SubResource( 1 )

[node name="Sides" type="Spatial" parent="."]

[node name="Left" parent="Sides" instance=ExtResource( 1 )]
transform = Transform( 1, 0, 0, 0, 49.4, 0, 0, 0, 1, 0, 0, 0.21525 )

[node name="Circle" parent="Sides/Left" index="0"]
material/0 = SubResource( 1 )

[node name="Top" parent="Sides" instance=ExtResource( 1 )]
transform = Transform( 1, 0, 0, 0, -1.88178e-06, 1, 0, -43.05, -4.37114e-08, 0, 0.247, 0 )

[node name="Circle" parent="Sides/Top" index="0"]
material/0 = SubResource( 1 )

[node name="Right" parent="Sides" instance=ExtResource( 1 )]
transform = Transform( 1, 0, 0, 0, -49.4, 3.89414e-07, 0, -1.92371e-05, -1, 0, 0, -0.21525 )

[node name="Circle" parent="Sides/Right" index="0"]
material/0 = SubResource( 1 )

[node name="Bottom" parent="Sides" instance=ExtResource( 1 )]
transform = Transform( 1, 0, 0, 0, -1.88178e-06, -1, 0, 43.05, -4.37114e-08, 0, -0.247, 0 )

[node name="Circle" parent="Sides/Bottom" index="0"]
material/0 = SubResource( 1 )

[node name="Picture" type="MeshInstance" parent="."]
transform = Transform( -1.88178e-06, 1, -2.15934e-06, 0, -4.37114e-08, -49.4, -43.05, -4.37114e-08, 9.43879e-14, 0.005, 0, 0 )
mesh = SubResource( 3 )
material/0 = null

[editable path="Corners/TopLeft"]

[editable path="Corners/TopRight"]

[editable path="Corners/BottomRight"]

[editable path="Corners/BottomLeft"]

[editable path="Sides/Left"]

[editable path="Sides/Top"]

[editable path="Sides/Right"]

[editable path="Sides/Bottom"]
